 Dungeon Crawl Stone Soup version 0.30-a0-862-g1aabd4f9c5 (webtiles) character file.

Game seed: 6021484751377729534

4196 Grim the Severer (level 10, 0/133 HPs)
             Began as a Minotaur Berserker on Mar 9, 2023.
             Was a Believer of Trog.
             Slain by a vampire mosquito (9 damage)
             ... on level 7 of the Dungeon.
             The game lasted 00:12:52 (9342 turns).

Grim the Severer (Minotaur Berserker)               Turns: 9342, Time: 00:12:52

Health: 0/133      AC:  6    Str: 24    XL:     10   Next: 8%
Magic:  9/9        EV: 11    Int:  6    God:    Trog [**....]
Gold:   404        SH:  0    Dex: 10    Spells: 9/9 levels left

rFire   . . .      SeeInvis .    G - +1 hand axe (heavy)
rCold   . . .      Faith    .    (no shield)
rNeg    . . .      Spirit   .    x - +3 leather armour
rPois   .          Reflect  .    (helmet restricted)
rElec   .          Rampage  .    (no cloak)
rCorr   .                        (no gloves)
Will    .....                    (no boots) Stlth
                                 (no amulet)
HPRegen 0.42/turn                (no ring)
MPRegen 0.11/turn                (no ring)

@: berserking, very quick
A: horns 2, retaliatory headbutt
a: Renounce Religion, Berserk, Trog's Hand


You were on level 7 of the Dungeon.
You worshipped Trog.
Trog was pleased with you.
You visited 1 branch of the dungeon, and saw 8 of its levels.
You also visited: Sewer.

You collected 404 gold pieces.

Inventory:

Hand Weapons
 v - a +0 broad axe
 G - a +1 heavy hand axe (weapon)
Missiles
 y - 44 poisoned darts (quivered)
Armour
 m - a +0 plate armour
 x - a +3 leather armour (worn)
Wands
 u - a wand of digging (14)
Scrolls
 c - 2 scrolls of blinking {unknown}
 d - 5 scrolls of teleportation {unknown}
 g - 3 scrolls of fear {unknown}
 i - 2 scrolls of torment {unknown}
 j - a scroll of noise {unknown}
 k - a scroll of vulnerability {unknown}
 n - 5 scrolls of identify {unknown}
 p - 3 scrolls of fog {unknown}
 q - 3 scrolls of magic mapping {unknown}
 s - 3 scrolls of amnesia {unknown}
 D - a scroll of enchant weapon {unknown}
Potions
 e - 2 potions of curing {unknown}
 f - 3 potions of attraction {unknown}
 l - 2 potions of mutation {unknown}
 o - 3 potions of might
 r - a potion of flight {unknown}
 t - 2 potions of brilliance {unknown}
 z - 2 potions of haste {unknown}
 A - 3 potions of heal wounds
 B - a potion of invisibility {unknown}
 C - a potion of berserk rage {unknown}
 E - 2 potions of degeneration {unknown}


   Skills:
 + Level 8.3 Fighting
 * Level 15.8 Axes
 - Level 2.4 Armour
 - Level 2.1 Dodging


You had 9 spell levels left.
You didn't know any spells.
Your spell library was empty.

Dungeon Overview and Level Annotations

Branches:
Dungeon (8/15)             Temple (0/1) D:5           Sewer (visited)
   Lair: D:8-11

Altars:


Innate Abilities, Weirdness & Mutations

You have a pair of horns on your head.
You reflexively headbutt those who attack you in melee.


Message History

You headbutt the tengu warrior, but do no damage.
The tengu warrior is moderately wounded.
You barely miss the slime creature.
The tengu warrior hits you with a +0 great mace!
* * * LOW HITPOINT WARNING * * *
The tengu warrior pecks you.
* * * LOW HITPOINT WARNING * * *
The tengu warrior claws you.
* * * LOW HITPOINT WARNING * * *
You barely miss the tengu warrior.
The tengu warrior is moderately wounded.
You slash the slime creature! The slime creature hits you!
* * * LOW HITPOINT WARNING * * *
The tengu warrior hits you with a +0 great mace!
* * * LOW HITPOINT WARNING * * *
The tengu warrior pecks you.
* * * LOW HITPOINT WARNING * * *
The tengu warrior claws you but does no damage.
You miss the tengu warrior. Your headbutt misses the tengu warrior.
The tengu warrior is moderately wounded.
You slash the slime creature! The slime creature hits you!
* * * LOW HITPOINT WARNING * * *
You completely miss the slime creature.
The slime creature is severely wounded.
You barely miss the tengu warrior. The tengu warrior misses you.
The tengu warrior closely misses you.
The tengu warrior completely misses you.
Unknown command.
You slice the slime creature!!
You kill the slime creature!
Trog accepts your kill.
You slash the tengu warrior! The tengu warrior closely misses you.
The tengu warrior pecks you.
* * * LOW HITPOINT WARNING * * *
The tengu warrior claws you.
* * * LOW HITPOINT WARNING * * *
You slash the tengu warrior!
The tengu warrior is severely wounded.
You slash the vampire mosquito! The vampire mosquito bites you!
You die...

#.# #.......#.#
#.# # #.#
#.#######.####.###
#.# #.# #......#..
#.# #.# #.######..
#.###.#######.#
#..
#.............#
##.
#####.#######.# #.
#Q# #.# #. #@# #.#
#. #y# #.# #. #.#
#.# #.
#.#######.### #.
#.....(.....## #.
#########[...####.
#..#......
##...##### ##.##


You could see a tengu warrior and a vampire mosquito.

Vanquished Creatures
  Amaemon (D:8)
  An orange demon (D:8)
  A slime creature (D:7)
  A shadow (D:7)
  Sigmund (D:3)
  3 yaks (D:8)
  2 steam dragons (D:7)
  Menkaure (D:6)
  A water moccasin (D:8)
  An ice beast (D:6)
  A sky beast (D:8)
  A black bear (D:6)
  2 ogres
  5 kobold brigands (Sewer)
  A gnoll sergeant (D:6)
  2 bullfrogs (D:7)
  3 scorpions
  2 howler monkeys
  An orc priest (D:5)
  2 hounds
  A jelly (D:6)
  Ijyb (D:3)
  A sleepcap (D:7)
  2 iguanas
  Terence (D:3)
  5 orc wizards
  4 gnolls (D:6)
  4 river rats
  13 adders
  A shadow imp (D:8)
  An ufetubus (D:4)
  5 worms
  4 dart slugs
  13 orcs
  5 bats
  6 endoplasms
  6 goblins
  6 hobgoblins
  5 jackals (D:4)
  13 kobolds
  A quokka (D:3)
  15 ball pythons
  7 frilled lizards
  10 rats
163 creatures vanquished.

Notes
Turn   | Place    | Note
-------+----------+-------------------------------------------
     0 | D:1      | Grim the Minotaur Berserker began the quest for the Orb.
     0 | D:1      | Reached XP level 1. HP: 19/19 MP: 0/0
   314 | D:1      | Reached skill level 4 in Axes
   340 | D:1      | Reached XP level 2. HP: 26/26 MP: 1/1
   941 | D:1      | Reached skill level 5 in Axes
   941 | D:1      | Reached XP level 3. HP: 28/31 MP: 2/2
  1690 | D:2      | Reached XP level 4. HP: 39/39 MP: 3/3
  1694 | D:2      | Reached ** piety under Trog
  1695 | D:2      | Reached skill level 6 in Axes
  2091 | D:3      | Noticed Ijyb
  2105 | D:3      | Killed Ijyb
  2170 | D:3      | Noticed Sigmund
  2178 | D:3      | Killed Sigmund
  2179 | D:3      | Reached skill level 8 in Axes
  2179 | D:3      | Reached XP level 5. HP: 45/45 MP: 4/4
  2179 | D:3      | Reached XP level 6. HP: 51/51 MP: 5/5
  2468 | D:3      | Noticed Terence
  2474 | D:3      | Killed Terence
  3092 | D:4      | Reached skill level 9 in Axes
  3587 | D:4      | Reached XP level 7. HP: 55/57 MP: 6/6
  4070 | D:5      | Entered Level 5 of the Dungeon
  4233 | D:5      | Reached skill level 10 in Axes
  4488 | D:5      | Found a staircase to the Ecumenical Temple.
  4514 | D:5      | Found a glowing drain.
  4533 | Sewer    | Entered a sewer
  4696 | Sewer    | Reached skill level 11 in Axes
  5344 | Sewer    | Reached XP level 8. HP: 60/64 MP: 7/7
  5464 | Sewer    | Reached skill level 12 in Axes
  6732 | D:6      | Reached skill level 13 in Axes
  6898 | D:6      | Noticed Menkaure
  6904 | D:6      | Killed Menkaure
  6905 | D:6      | Reached skill level 5 in Fighting
  7595 | D:7      | Reached XP level 9. HP: 75/75 MP: 8/8
  7920 | D:7      | Reached skill level 14 in Axes
  8457 | D:8      | Noticed an orange demon
  8458 | D:8      | Noticed Amaemon
  8472 | D:8      | Killed Amaemon
  8480 | D:8      | Killed an orange demon
  8481 | D:8      | Reached skill level 15 in Axes
  9063 | D:8      | Reached XP level 10. HP: 88/88 MP: 9/9
  9180 | D:8      | Noticed a deep elf pyromancer
  9180 | D:8      | Noticed a tengu warrior
  9180 | D:8      | Noticed a gargoyle
  9180 | D:8      | Noticed a deep elf pyromancer
  9342 | D:7      | Slain by a vampire mosquito

Illustrated notes

Levels and vault maps discovered:
D:1:      lightli_arrival_quake, layout_loops_corners, minmay_pentomino_t2
D:2:      layout_rooms
D:3:      layout_basic, uniq_terence, uniq_sigmund, uniq_ijyb
D:4:      layout_loops_corners
D:5:      layout_basic, minmay_temple_entry_mini_moons, portal_sewer_entry_a,
          feat_on_display
D:6:      layout_loops_corners, st_stairs_8, uniq_menkaure
D:7:      layout_loops_ring
D:8:      minmay_the_grid_octo_2x2 [minmay_the_grid_octo_tetromino_candy,
          minmay_the_grid_octo_chip, minmay_the_grid_octo_checkerflower,
          minmay_the_grid_octo_prize_star], layout_loops_ring, uniq_amaemon,
          uniq_erica

Skill      XL: |  1  2  3  4  5  6  7  8  9 |
---------------+----------------------------+-----
Axes           | 4 5 8 9 11 13 15 | 15.8
Fighting       | 5 8 |  8.3
Armour         | |  2.4
Dodging        | |  2.1

Action                     |  1- 3 |  4- 6 |  7- 9 | 10-12 || total
---------------------------+-------+-------+-------+-------++-------
  Melee: Hand axe          |    68 |    59 |   283 |    14 ||   424
         Headbutt          |     8 |    14 |    37 |     1 ||    60
         Broad axe         |       |    24 |       |       ||    24
         Punch             |       |       |     4 |       ||     4
  Throw: Dart              |       |       |     4 |       ||     4
 Invoke: Berserk           |     5 |     7 |    13 |     1 ||    26
         Trog's Hand       |       |     3 |     4 |     1 ||     8
    Use: Potion            |       |       |       |     2 ||     2
   Stab: Sleeping          |     1 |       |       |       ||     1
 Armour: Animal skin       |     2 |       |       |       ||     2
         Ring mail         |    19 |    12 |       |       ||    31
         Leather armour    |       |     2 |    59 |    16 ||    77
  Dodge: Dodged            |    35 |    53 |    85 |    28 ||   201

Table legend: (Time is in decaauts)
 A = Elapsed time spent in this place.
 B = Non-inter-level travel time spent in this place.
 C = Inter-level travel time spent in this place.
 D = Time resting spent in this place.
 E = Time spent auto-exploring this place.
 F = Levels seen in this place.
 G = Mean time per level.
                   A        B        C        D        E       F      G
               +--------+--------+--------+--------+--------+-----+--------+
         Total |   9674 |   9388 |    286 |   3167 |   4814 |   9 | 1074.9 |
       Dungeon |   8342 |   8056 |    286 |   2618 |   4255 |   8 | 1042.8 |
         Sewer |   1332 |   1332 |      0 |    549 |    559 |   1 | 1332.0 |
               +--------+--------+--------+--------+--------+-----+--------+

Top non-repeatable levels by time:
   Sewer: 1332 daAuts
     D:7: 1285 daAuts
     D:3: 1273 daAuts
     D:6: 1245 daAuts
     D:4: 1114 daAuts
     D:1: 1075 daAuts
     D:5: 1015 daAuts
     D:2: 739 daAuts
     D:8: 594 daAuts
